 Dungeon Crawl Stone Soup version 0.20-a0-432-g25cc1b4 (webtiles) character file.

290 TheGoonsmith the Caller (level 6, 0/34 HPs)
             Began as a Deep Elf Summoner on Jan 2, 2017.
             Was an Initiate of Sif Muna.
             Killed from afar by an orc wizard (7 damage)
             ... with a magic dart
             ... on level 4 of the Dungeon.
             The game lasted 00:12:36 (4841 turns).

TheGoonsmith the Caller (Deep Elf Summoner)         Turns: 4841, Time: 00:12:38

Health: 0/34       AC:  4    Str:  5    XL:     6   Next: 9%
Magic:  11/16      EV: 15    Int: 20    God:    Sif Muna [......]
Gold:   135        SH:  0    Dex: 17    Spells: 1/15 levels left

rFire  . . .     SeeInvis .     o - +1 mace (holy)
rCold  . . .     Gourm    .     a - +0 robe
rNeg   . . .     Faith    .     (no shield)
rPois  .         Spirit   .     q - +0 helmet
rElec  .         Reflect  .     u - +0 cloak
rCorr  .         Harm     .     (no gloves)
MR     .....                    (no boots)
Stlth  ++........               (no amulet)
                                (no ring)
                                (no ring)

@: flying
A: no striking features
a: Renounce Religion


You were on level 4 of the Dungeon.
You worshipped Sif Muna.
Sif Muna was noncommittal.
You were not hungry.

You visited 1 branch of the dungeon, and saw 4 of its levels.

You collected 135 gold pieces.

Inventory:

Hand Weapons
 h - a +0 hand axe
 o - a +1 mace of holy wrath (weapon)
Armour
 a - a +0 robe (worn)
 q - a +0 helmet (worn)
 u - a +0 cloak (worn)
Wands
 y - a wand of lightning (7/15)
 B - a wand of iceblast (8/15)
Scrolls
 d - 4 scrolls of identify {unknown}
 e - 2 scrolls of teleportation {unknown}
 f - a scroll of random uselessness {unknown}
 g - 3 scrolls of remove curse {unknown}
 k - a scroll of fear {unknown}
 n - a scroll of enchant armour {unknown}
 p - 3 scrolls of blinking {unknown}
 z - a scroll of noise {unknown}
 A - a scroll of magic mapping {unknown}
Potions
 i - a potion of flight
 l - 2 potions of curing {unknown}
 r - a potion of resistance {unknown}
 s - a potion of degeneration {unknown}
 t - a potion of berserk rage {unknown}
 x - a potion of cancellation {unknown}
Books
 b - a book of Callings

   Spells                             Type                      Level
   a - Summon Small Mammal            Summoning                    1
   b - Call Imp                       Summoning                    2
   c - Call Canine Familiar           Summoning                    3
   d - Summon Guardian Golem          Hexes/Summoning              3
   e - Summon Lightning Spire         Summoning/Air                4
   f - Summon Ice Beast               Ice/Summoning                4
Comestibles
 c - a bread ration
 j - 10 fruits
 m - 4 slices of pizza
 v - 2 meat rations
 w - 3 chunks of flesh


   Skills:
 - Level 1.0 Fighting
 - Level 4.7 Dodging
 - Level 3.0 Stealth
 - Level 5.3 Spellcasting
 - Level 5.4 Summonings
 + Level 0.9 Ice Magic


You had one spell level left.
You knew the following spells:

 Your Spells              Type           Power        Failure   Level  Hunger
a - Summon Small Mammal   Summ           ####         1%          1    None
b - Call Imp              Summ           ####....     1%          2    None
c - Call Canine Familiar  Summ           ####....     4%          3    ##.....
d - Summon Lightning Spi  Summ/Air       ###.....     38%         4    ####...
z - Summon Ice Beast      Ice/Summ       ###.....     30%         4    ####...


Dungeon Overview and Level Annotations

Branches:
Dungeon (4/15)
 Temple: D:4-7

Altars:
Cheibriados
Sif Muna
Trog
Yredelemnul
The Shining One

Annotations:
D:3 Natasha


Message History

Confirm with . or Enter, or press ? or * to list all spells.
The orc wizard points at you and mumbles some strange words.
You resist with some effort. The orc wizard casts a spell at you.
The magic dart hits you!
Your iron imp hits the orc wizard.
Your crimson imp blinks!
The orc wizard gestures at you while chanting.
The puff of frost hits you!
The orc wizard gestures at you while chanting.
The magic dart hits you! The orc wizard casts a spell at you.
The magic dart hits you!
* * * LOW HITPOINT WARNING * * *
It was a potion of flight.
You feel very buoyant.
You fly up into the air.
Your hound barely misses the orc wizard.
The orc wizard points at you and mumbles some strange words.
The magic dart hits you!
You die...

#.## #.#..........#
##..###............##
>.h....#.5...o.....##
#...##.#..h.........#
#...##.#..oo......#.
###...##.#..5.......#
#.<)).##.#..........#
#..##.##............#
#..##.###.#.#@#.#......
#.###..##.#.#.#.##..#..
###.####..#........ #.#
. #......##....>.....#
...
#......###.........# ..
#......# #.#..###.#.
######## #.##.# [#.#
#.##.# .. . #.. ..


You could see 2 orc wizards, an orc, a friendly hound, a friendly iron imp and a
friendly crimson imp.

Vanquished Creatures
  An adder (D:3)
  An orc (D:3)
  A hobgoblin (D:3)
  A kobold (D:2)
  A quokka (D:3)
  2 bats
  A frilled lizard (D:3)
  A goblin (D:2)
  A rat (D:2)
10 creatures vanquished.

Vanquished Creatures (collateral kills)
  A human (D:3)
  An eye of draining (D:3)
  An orc priest (D:4)
  Crazy Yiuf (D:2)
  Terence (D:2)
  2 worker ants (D:3)
  Natasha (D:3)
  Robin (D:2)
  3 adders
  3 worms (D:2)
  3 dart slugs
  A leopard gecko (D:1)
  5 orcs
  A ball python (D:1)
  4 giant cockroaches
  8 hobgoblins
  A quokka (D:3)
  6 bats
  3 frilled lizards (D:1)
  18 goblins
  A jackal skeleton (D:3)
  4 kobolds
  4 rats
74 creatures vanquished.

Grand Total: 84 creatures vanquished

Notes
Turn   | Place    | Note
-------+----------+-------------------------------------------
     0 | D:1      | TheGoonsmith the Deep Elf Summoner began the quest for the Orb.
     0 | D:1      | Reached XP level 1. HP: 10/10 MP: 6/6
   143 | D:1      | Reached skill level 1 in Fighting
   498 | D:1      | Reached XP level 2. HP: 14/16 MP: 5/8
   544 | D:1      | Learned a level 2 spell: Call Imp
   946 | D:1      | Found a glowing golden altar of the Shining One.
  1168 | D:2      | Found a runed door.
  1384 | D:2      | Noticed Terence
  1396 | D:2      | Killed Terence
  1396 | D:2      | Reached XP level 3. HP: 20/20 MP: 5/10
  1401 | D:2      | Learned a level 3 spell: Call Canine Familiar
  1551 | D:2      | Noticed Robin
  1566 | D:2      | Killed Robin
  2299 | D:2      | Noticed Crazy Yiuf
  2312 | D:2      | Killed Crazy Yiuf
  2312 | D:2      | Reached XP level 4. HP: 25/25 MP: 3/12
  2646 | D:3      | Noticed a human
  2647 | D:3      | Found a runed door.
  2708 | D:3      | Found a basalt altar of Yredelemnul.
  2853 | D:3      | Killed a human
  2853 | D:3      | Reached skill level 5 in Spellcasting
  2853 | D:3      | Reached skill level 5 in Summonings
  2853 | D:3      | Reached XP level 5. HP: 29/29 MP: 1/14
  3392 | D:3      | Found a bloodstained altar of Trog.
  3392 | D:3      | Noticed an eye of draining
  3408 | D:3      | Killed an eye of draining
  3576 | D:3      | Found a snail-covered altar of Cheibriados.
  3583 | D:3      | Found a deep blue altar of Sif Muna.
  3590 | D:3      | Became a worshipper of Sif Muna the Loreminder
  3726 | D:3      | Learned a level 4 spell: Summon Ice Beast
  3731 | D:3      | Learned a level 4 spell: Summon Lightning Spire
  3810 | D:3      | Noticed Natasha
  3814 | D:3      | Killed Natasha
  4176 | D:3      | Noticed Natasha
  4476 | D:3      | Reached XP level 6. HP: 17/34 MP: 8/16
  4841 | D:4      | Killed from afar by an orc wizard

Vault maps used:
D:1:      minmay_arrival_open_corners, tso_altar
D:2:      bh_chokoban, uniq_crazy_yiuf_cottage, uniq_terence, uniq_robin
D:3:      overflow_temple_1_default, lemuel_round_altar, trog_eyes_of_draining,
          serial_park_tiny_1, dk_yredelemnul_ordeal, uniq_natasha
D:4:      uniq_menkaure

Skill      XL: |  1  2  3  4  5 |
---------------+----------------+-----
Fighting       | 1 |  1.0
Stealth        | 3 |  3.0
Spellcasting   | 4 5 |  5.3
Summonings     | 5 |  5.4
Dodging        | 4 |  4.7
Ice Magic      | |  0.9

Action                   |  1- 3 |  4- 6 || total
-------------------------+-------+-------++-------
Melee: Unarmed           |     7 |       ||     7
       Hand axe          |     7 |       ||     7
       Mace              |     5 |    28 ||    33
 Cast: Summon Small Mamm |    17 |       ||    17
       Call Imp          |    29 |    38 ||    67
       Call Canine Famil |     7 |    23 ||    30
  Use: Potion            |       |     1 ||     1
 Stab: Sleeping          |     3 |     1 ||     4
  Eat: Chunk             |     5 |     9 ||    14
Armor: Robe              |    10 |    13 ||    23
Dodge: Dodged            |    34 |    31 ||    65
